 Dungeon Crawl Stone Soup version 0.26.1-11-gd32895ea62 (webtiles) character file.

Game seed: 7442398693591803046

3049 vvl the Ruffian (level 9, 0/61 HPs)
             Began as an Octopode Fighter on July 13, 2021.
             Was an Initiate of Gozag.
             Slain by a troll (9 damage)
             ... on level 8 of the Dungeon.
             The game lasted 00:22:53 (11230 turns).

vvl the Ruffian (Octopode Fighter)                 Turns: 11230, Time: 00:22:55

Health: 0/61       AC:  1    Str: 18    XL:     9   Next: 87%
Magic:  24/24      EV: 15    Int: 13    God:    Gozag
Gold:   1015       SH:  4    Dex: 11    Spells: 16/16 levels left

rFire    . . .     SeeInvis .   a - +2 whip (elec)
rCold    . . .     Faith    .   c - +0 buckler (curse)
rNeg     + . .     Spirit   .   (helmet restricted)
rPois    .         Reflect  .   A - amulet "Paes" {RegenMP Int+2}
rElec    .         Harm     .   l - ring of positive energy
rCorr    .         Rampage  .   r - ring of wizardry
Will     .....                  s - ring of magical power
Stlth    ++........             (no ring)
HPRegen  0.20/turn              (no ring)
MPRegen  0.44/turn              (no ring)
                                (no ring)
                                (no ring)

@: no status effects
A: almost no armour, stealthy swim, amphibious, 8 rings, constrict 8, camouflage
1, gelatinous body 1
a: Renounce Religion, Potion Petition, Call Merchant, Bribe Branch


You were on level 8 of the Dungeon.
You worshipped Gozag.
Gozag was most pleased with you.
You visited 2 branches of the dungeon, and saw 9 of its levels.

You collected 1072 gold pieces.
You paid 57 gold pieces to Gozag.

Inventory:

Hand Weapons
 a - a +2 whip of electrocution (weapon)
 q - a +1 spear of freezing
Armour
 c - a cursed +0 buckler (worn)
Jewellery
 l - a ring of positive energy (left tentacle)
 r - a ring of wizardry (right tentacle)
 s - a ring of magical power (on tentacle)
 A - the amulet "Paes" (around mantle) {RegenMP Int+2}
   (You found it on level 5 of the Dungeon)

   [amulet of magic regeneration]

   It increases your magic regeneration.
   It affects your intelligence (+2).
Wands
 d - a wand of digging (5)
 g - a wand of paralysis (7)
Scrolls
 b - a scroll of vulnerability {unknown}
 e - 4 scrolls of magic mapping {unknown}
 i - 3 scrolls of teleportation
 n - a scroll of identify
 o - 5 scrolls of remove curse
 t - a scroll of enchant armour {unknown}
 v - 6 scrolls of enchant weapon
 w - 2 scrolls of noise {unknown}
 x - 2 scrolls of amnesia {unknown}
 y - 2 scrolls of fog {unknown}
 D - a scroll of blinking
 E - a scroll of immolation {unknown}
Potions
 f - a potion of magic {unknown}
 h - a potion of haste
 j - 2 potions of lignification {unknown}
 k - a potion of brilliance {unknown}
 m - 3 potions of curing
 p - a potion of attraction {unknown}
 u - 3 potions of flight {unknown}
 z - 2 potions of berserk rage
 B - a potion of resistance {unknown}
 C - a potion of degeneration {unknown}


   Skills:
 + Level 5.4 Fighting
 + Level 5.3 Dodging
 - Level 4.0 Shields
 * Level 6.8 Unarmed Combat
 + Level 4.0 Spellcasting
 * Level 6.4 Transmutations
 + Level 5.4 Poison Magic
 + Level 0.9 Evocations


You had 16 spell levels left.
You didn't know any spells.
Your spell library was empty.

Dungeon Overview and Level Annotations

Branches:
Dungeon (8/15)             Temple (1/1) D:4
   Lair: D:8-11

Altars:
Ashenzari
Cheibriados
Dithmenos
Elyvilon
Fedhas
Gozag
Hepliaklqana
Kikubaaqudgha
Nemelex Xobeh
Okawaru
Qazlal
Ru
Sif Muna
Trog
Uskayaw
Vehumet
Wu Jian
Xom
Yredelemnul
Zin
The Shining One

Shops:
D:6 [


Innate Abilities, Weirdness & Mutations

You cannot wear most types of armour.
You are very stealthy in the water. (Stealth+)
You are amphibious.
You can wear up to eight rings at the same time.
You can use your tentacles to constrict eight enemies at once.
Your skin changes colour to match your surroundings (Stealth+).
Your rubbery body absorbs attacks. (AC +1, EV +1)


Message History

The troll is moderately wounded.
The troll misses you. The troll completely misses you. The troll claws you!
You closely miss the troll. You tentacle-slap the troll.
Your squeeze misses the troll.
The troll is heavily wounded.
The troll misses you. The troll claws you! The troll closely misses you.
You hit the troll.
The troll is heavily wounded.
The troll barely misses you. The troll claws you!
* * * LOW HITPOINT WARNING * * *
You block the troll's attack.
Aiming: Paralyse
Press: ? - help, Shift-Dir - straight line, f - troll
Aim: a troll (moderately wounded, chance to affect: 49%)
The troll resists with some effort.
The troll barely misses you. The troll claws you.
* * * LOW HITPOINT WARNING * * *
The troll claws you!
You die...
Your body crumbles into a pile of gold.

#.#....!#####
#.##.#.###.#
##......# .#
#...###.###.#
.....#
#(....# .
#.###.#####
#.....# #
#.##T##
#.#<##@#
#......#
###.#### ....
#.##.#. #
#.#.# #.. #
##. .


You could see a troll.

Vanquished Creatures
  Eustachio (D:6)
  Duvessa (D:6)
  2 sky beasts
  2 phantoms
  2 wolves (D:6)
  A big kobold (D:7)
  3 bullfrogs
  4 gnoll sergeants (D:6)
  Dowan (D:6)
  2 scorpions (D:4)
  A howler monkey (D:5)
  A bullfrog zombie (D:5)
  Crazy Yiuf (D:6)
  4 orc priests
  14 hounds
  A jelly (D:5)
  2 bullfrog skeletons
  6 orc wizards
  A gnoll shaman (D:6)
  2 worker ants
  3 iguanas
  A hound skeleton (D:5)
  29 gnolls (D:6)
  12 adders
  A white imp (D:7)
  2 ufetubi (D:6)
  2 oozes
  2 adder skeletons (D:4)
  An adder zombie (D:7)
  A worm (D:3)
  3 dart slugs
  5 leopard geckos
  19 orcs
  10 bats
  2 giant cockroaches
  10 goblins
  9 hobgoblins
  14 jackals
  2 quokkas (D:3)
  2 ball pythons
  4 frilled lizards
  8 kobolds
  A quokka skeleton (D:6)
  4 rats
199 creatures vanquished.

Notes
Turn   | Place    | Note
-------+----------+-------------------------------------------
     0 | D:1      | vvl the Octopode Fighter began the quest for the Orb.
     0 | D:1      | Reached XP level 1. HP: 16/16 MP: 1/1
   185 | D:1      | Reached XP level 2. HP: 16/21 MP: 2/2
  1082 | D:2      | Reached skill level 1 in Transmutations
  1082 | D:2      | Reached XP level 3. HP: 26/26 MP: 3/3
  1231 | D:2      | Reached skill level 1 in Poison Magic
  1787 | D:3      | Reached XP level 4. HP: 25/31 MP: 5/5
  2075 | D:3      | Reached skill level 1 in Spellcasting
  2429 | D:3      | Reached XP level 5. HP: 36/36 MP: 6/6
  2581 | D:3      | Found a shadowy altar of Dithmenos.
  3103 | D:4      | HP: 1/36 [orc priest/+0 flail (5)]
  3112 | D:4      | Reached XP level 6. HP: 31/42 MP: 8/8
  3431 | D:4      | Found a staircase to the Ecumenical Temple.
  3460 | Temple   | Entered the Ecumenical Temple
  3825 | Temple   | Became a worshipper of Gozag Ym Sagoz the Greedy
  3921 | D:4      | Noticed a phantom
  3935 | D:4      | Killed a phantom
  3936 | D:4      | Reached XP level 7. HP: 36/47 MP: 9/9
  4113 | D:5      | Entered Level 5 of the Dungeon
  4824 | D:5      | HP: 1/48 [phantom (8)]
  4835 | D:5      | Reached XP level 8. HP: 47/54 MP: 11/11
  5066 | D:5      | Got a scorched golden amulet
  5083 | D:5      | Identified the amulet "Paes" {RegenMP Int+2} (You found it
                  | on level 5 of the Dungeon)
  5284 | D:6      | Found Waif's Antique Armour Shop.
  5845 | D:6      | Noticed Duvessa
  5974 | D:6      | Noticed Dowan
  5978 | D:6      | Killed Dowan
  5993 | D:6      | Reached skill level 5 in Unarmed Combat
  5999 | D:6      | Noticed Eustachio
  6007 | D:6      | Killed Duvessa
  6022 | D:6      | Killed Eustachio
  6658 | D:6      | Reached skill level 5 in Transmutations
  7209 | D:6      | Reached XP level 9. HP: 41/59 MP: 13/13
  8075 | D:6      | Found a runed translucent door.
  8076 | D:6      | Noticed Crazy Yiuf
  8141 | D:6      | Reached skill level 5 in Fighting
  8150 | D:6      | HP: 1/61 [gnoll (4)]
  9000 | D:6      | Reached skill level 5 in Dodging
  9504 | D:6      | Reached skill level 5 in Poison Magic
 10200 | D:6      | Killed Crazy Yiuf
 11212 | D:8      | Noticed a troll
 11230 | D:8      | Slain by a troll

Illustrated notes

Levels and vault maps discovered:
D:1:      dpeg_arrival_three_same_balls, layout_loops_ring
D:2:      layout_rooms, interstate_on_off, grunt_ministairs_10
D:3:      layout_basic, marbit_many_paths
D:4:      layout_basic, minmay_temple_entry_crystal_x
D:5:      layout_basic
D:6:      layout_cave_pools, serial_gnoll_camp, gnoll_camp_huts_moat,
          gnoll_camp_mini_doghouse, gnoll_camp_mini_house,
          gnoll_camp_mini_doghouse, gnoll_camp_mini_sergeant,
          gnoll_camp_mini_doghouse, serial_shops, shop, uniq_crazy_yiuf_cottage,
          uniq_duvessa, uniq_eustachio
D:7:      layout_rooms
D:8:      layout_loops_cross, erik_lair_island, grunt_qazlal_clouds, uniq_joseph
Temple:   regret_index_temple_chain_breaker

Skill      XL: |  1  2  3  4  5  6  7  8  9 |
---------------+----------------------------+-----
Transmutations | 1 2 3 5 6 |  6.4
Poison Magic   | 1 2 3 4 5 |  5.4
Spellcasting   | 1 2 3 4 |  4.0
Unarmed Combat | 3 4 5 6 |  6.8
Fighting       | 4 5 |  5.4
Dodging        | 4 5 |  5.3
Shields        | 4 |  4.0
Evocations     | |  0.9

Action                   |  1- 3 |  4- 6 |  7- 9 || total
-------------------------+-------+-------+-------++-------
Melee: Whip              |    71 |    95 |   346 ||   512
       Constrict         |    18 |    21 |    73 ||   112
       Tentacles         |     6 |    13 |    71 ||    90
       Punch             |       |     2 |    20 ||    22
Evoke: Wand              |       |       |     1 ||     1
  Use: Potion            |       |     1 |     5 ||     6
       Scroll            |       |       |    14 ||    14
 Stab: Sleeping          |     6 |    10 |     8 ||    24
       Distracted        |       |       |     1 ||     1
Armor: Skin              |     5 |     4 |    20 ||    29
Dodge: Dodged            |    40 |    49 |   290 ||   379
Block: Buckler           |    14 |    18 |    74 ||   106
